 Dungeon Crawl Stone Soup version 0.28-a0-804-g60983d4ba9 (webtiles) character file.

Game seed: 13462779024466852389

1750 vurker the Zephyrmancer (level 9, -12/52 HPs)
             Began as a Tengu Air Elementalist on Nov 7, 2021.
             Was an Initiate of Vehumet.
             Mangled by a two-headed ogre (14 damage)
             ... on level 6 of the Dungeon.
             The game lasted 00:09:25 (8305 turns).

vurker the Zephyrmancer (Tengu Air Elementalist)    Turns: 8305, Time: 00:09:26

Health: -12/52     AC:  6    Str:  9    XL:     9   Next: 6%
Magic:  15/19      EV: 14    Int: 18    God:    Vehumet [......]
Gold:   328        SH:  0    Dex: 15    Spells: 15/20 levels left

rFire   . . .      SeeInvis .   h - staff of conjuration
rCold   . . .      Faith    .   (no shield)
rNeg    . . .      Spirit   .   c - +1 steam dragon scales
rPois   .          Reflect  .   (helmet restricted)
rElec   .          Harm     .   (no cloak)
rCorr   .          Rampage  .   (no gloves)
Will    +....                   (boots unavailable)
Stlth   ++........              (no amulet)
HPRegen 0.17/turn               p - ring of willpower
MPRegen 0.16/turn               (no ring)

@: about to teleport, flying quickly and evasively, quick
A: beak, talons 3, nimble flight
a: Renounce Religion


You were on level 6 of the Dungeon.
You worshipped Vehumet.
Vehumet was noncommittal.
You visited 2 branches of the dungeon, and saw 7 of its levels.

You collected 328 gold pieces.

Inventory:

Armour
 c - +1 steam dragon scales (worn)
   (You found it on level 1 of the Dungeon)
Magical Staves
 h - a staff of conjuration (weapon)
   (You found it on level 6 of the Dungeon)
Jewellery
 d - a ring of wizardry
   (You found it on level 6 of the Dungeon)
 p - a ring of willpower (left hand)
   (You found it on level 5 of the Dungeon)
Scrolls
 a - a scroll of enchant armour
 f - 2 scrolls of amnesia
Potions
 b - a potion of curing {unknown}
 g - a potion of mutation {unknown}
 i - a potion of flight {unknown}
 n - a potion of haste {unknown}


   Skills:
 + Level 4.3 Fighting
 - Level 2.1 Dodging
 - Level 2.0 Stealth
 * Level 6.3 Spellcasting
 + Level 5.9 Conjurations
 * Level 9.5 Air Magic


You had 15 spell levels left.
You knew the following spells:

 Your Spells              Type           Power      Damage    Failure   Level
a - Shock                 Conj/Air       100%       1d9       1%          1
c - Airstrike             Air            19%        N/A       2%          4

Your spell library contained the following spells:

 Spells                   Type           Power      Damage    Failure   Level
 Static Discharge         Conj/Air       50%        N/A       1%          2
 Swiftness                Air            39%        N/A       1%          3
 Conjure Flame            Conj/Fire      24%        6-21      11%         3
 Animate Skeleton         Necr           10%        N/A       12%         1
 Apportation              Tloc           10%        N/A       12%         1
 Beastly Appendage        Tmut           10%        N/A       12%         1
 Pain                     Necr           20%        1d5       12%         1
 Ensorcelled Hibernation  Hex/Ice        10%        N/A       17%         2
 Wereblood                Tmut           5%         N/A       17%         2
 Ignite Poison            Fire/Tmut/Pois 5%         N/A       34%         3
 Spider Form              Tmut/Pois      5%         N/A       34%         3
 Vampiric Draining        Necr           5%         2d6       34%         3
 Sticky Flame             Conj/Fire      24%        2d5       34%         4
 Alistair's Intoxication  Tmut/Pois      3%         N/A       97%         5
 Invisibility             Hex            2%         N/A       100%        6


Dungeon Overview and Level Annotations

Branches:
Dungeon (6/15)             Temple (1/1) D:5

Altars:
Ashenzari
Dithmenos
Elyvilon
Fedhas
Kikubaaqudgha
Makhleb
Nemelex Xobeh
Qazlal
Ru
Sif Muna
Trog
Uskayaw
Vehumet
Xom
Yredelemnul
Zin
The Shining One

Annotations:
D:6 2 runed translucent doors


Innate Abilities, Weirdness & Mutations

You have a beak for a mouth.
You have claws for feet.
Your magical nature lets you fly swiftly and evasively.


Message History

There is an open door here.
Found 11 gold pieces.
An orc comes into view. It is wielding a +0 whip.
An orc is nearby!
Aim: an orc, wielding a +0 whip (asleep, empty space bonus: 2/8)
The air twists around and strikes the orc!
You kill the orc!
Vehumet accepts your kill.
You hear a shout! x3
An orc wizard comes into view. It is wielding a +0 dagger.
Aim: an orc wizard, wielding a +0 dagger and wearing a +0 robe (empty space bonus: 3/8)
The air twists around and strikes the orc wizard!
Aim: an orc wizard, wielding a +0 dagger and wearing a +0 robe (severely wounded, empty space bonus: 4/8)
The air twists around and strikes the orc wizard!
You kill the orc wizard!
Vehumet accepts your kill.
An orc comes into view. It is wielding a +0 club.
Aim: an orc, wielding a +0 club and wearing a +0 leather armour (empty space bonus: 3/8)
The air twists around and strikes the orc!
You kill the orc!
Vehumet accepts your kill.
You hear a shout!
An orc warrior comes into view. It is wielding a +0 dire flail.
You hear a shout!
You don't have enough magic to cast this spell.
Found a stone staircase leading up and a stone staircase leading down.
Found a +6 ring of strength.
A scorpion comes into view.
There is a stone staircase leading up here.
You fly upwards.
There is a stone staircase leading down here.
You start resting.
You fly downwards.
Level annotation: 2 runed translucent doors The orc warrior closely misses you.
An orc comes into view. It is wielding a +0 short sword.
There is a stone staircase leading up here.
Aim: an orc warrior, wielding a +0 dire flail and wearing a +0 plate armour (empty space bonus: 7/8)
The air twists around and strikes the orc warrior!
The orc warrior hits you with a +0 dire flail!
The two-headed ogre hits you with a +0 giant club!!
* * * LOW HITPOINT WARNING * * *
The two-headed ogre barely misses you.
Unknown command.
As you read the scroll of teleportation, it crumbles to dust.
You feel strangely unstable.
The orc warrior hits you with a +0 dire flail!
* * * LOW HITPOINT WARNING * * *
The two-headed ogre hits you with a +0 giant club!
You die...

...#####...,,,,,,,***** *,,,,*
.....(...#*******...,,***,,,,*
...........,,,,,,..,,,,,,,,,,*
....#....##******.#*****,,,,,*
...#####.# ####.### **,,,,*
.#######.# #...s..# *,,,,*
......##.#####......# ******
......##....##...o..#
................@...#
#.....######...O....#
#####.#****###o.>...#****
,,,,)...,,,,........#,,,*
,,,)#..$.#*###........,,*
**#).....# #.........,*
#*###### ########...* *###*


You could see a two-headed ogre, an orc warrior, a scorpion and an orc.

Vanquished Creatures
  A water moccasin (D:5)
  A sky beast (D:5)
  An ice beast (D:5)
  2 ogres (D:4)
  A necrophage (D:6)
  2 centaurs (D:5)
  A phantom (D:5)
  2 gnoll sergeants
  2 bullfrogs (D:6)
  A scorpion (D:5)
  A water moccasin zombie (D:6)
  A centaur zombie (D:6)
  2 hounds
  2 bullfrog skeletons
  An iguana (D:6)
  5 orc wizards
  A killer bee zombie (D:6)
  7 gnolls (D:5)
  A howler monkey skeleton (D:6)
  8 adders
  A river rat (D:3)
  A shadow imp (D:5)
  A white imp (D:6)
  An ufetubus (D:6)
  An adder skeleton (D:4)
  3 worms
  2 dart slugs
  15 orcs
  9 ball pythons
  4 endoplasms
  A giant cockroach (D:2)
  7 goblins
  8 hobgoblins
  10 jackals
  2 quokkas (D:1)
  5 bats
  A frilled lizard (D:3)
  A jackal skeleton (D:4)
  8 kobolds
  8 rats
132 creatures vanquished.

Notes
Turn   | Place    | Note
-------+----------+-------------------------------------------
     0 | D:1      | vurker the Tengu Air Elementalist began the quest for the
                  | Orb.
     0 | D:1      | Reached XP level 1. HP: 10/10 MP: 4/4
   269 | D:1      | Reached XP level 2. HP: 12/15 MP: 0/6
   468 | D:1      | Found a faded altar of an unknown god.
   854 | D:1      | Reached XP level 3. HP: 20/20 MP: 4/7
   993 | D:1      | Reached skill level 1 in Fighting
  1567 | D:2      | You fall into a shaft and drop 2 floors!
  1956 | D:2      | Reached XP level 4. HP: 25/25 MP: 5/9
  2045 | D:2      | Learned a level 4 spell: Airstrike
  2544 | D:3      | Reached skill level 5 in Air Magic
  3166 | D:3      | Gained mutation: Your magical nature lets you fly swiftly
                  | and evasively. [Tengu growth]
  3166 | D:3      | Reached XP level 5. HP: 29/29 MP: 5/10
  3880 | D:4      | Noticed an ogre
  4009 | D:4      | Killed an ogre
  4010 | D:4      | Reached skill level 6 in Air Magic
  4010 | D:4      | Reached XP level 6. HP: 35/35 MP: 3/12
  4558 | D:4      | Reached XP level 7. HP: 40/40 MP: 8/14
  5095 | D:5      | Entered Level 5 of the Dungeon
  5235 | D:5      | Found a staircase to the Ecumenical Temple.
  5252 | Temple   | Entered the Ecumenical Temple
  5294 | Temple   | Became a worshipper of Vehumet
  5415 | D:5      | Reached skill level 7 in Air Magic
  5953 | D:5      | Reached skill level 5 in Spellcasting
  5953 | D:5      | Reached XP level 8. HP: 14/46 MP: 3/16
  6224 | D:5      | Reached skill level 8 in Air Magic
  6476 | D:5      | Reached skill level 5 in Conjurations
  6607 | D:5      | Found a sacrificial altar of Ru.
  7251 | D:6      | Found a large runed translucent door.
  7251 | D:6      | Found a large runed translucent door.
  7270 | D:6      | Found a large runed translucent door.
  7270 | D:6      | Found a large runed translucent door.
  7569 | D:6      | Reached skill level 9 in Air Magic
  7978 | D:6      | Reached XP level 9. HP: 52/52 MP: 2/19
  8217 | D:6      | Noticed a two-headed ogre
  8305 | D:6      | HP: 2/52 [orc warrior (16)]
  8305 | D:6      | Mangled by a two-headed ogre

Illustrated notes

Levels and vault maps discovered:
D:1:      minmay_arrival_split_and_join, layout_loops_ring,
          shapermc_ecumenical_altar_mp_highgroup, minmay_heptomino_l4
D:2:      layout_basic, chequers_hall_statues_wall_a
D:3:      layout_rooms, portal_sewer_entry_b, st_stairs_2, minmay_ruptured
D:4:      layout_layer_cave
D:5:      layout_gridville, mainiacjoe_overflow_paths,
          minmay_temple_entry_offerings
D:6:      layout_rooms, kennysheep_cluttered_room,
          minmay_hollow_rounded_squares, uniq_eustachio
Temple:   kb_temple_of_zot

Skill      XL: |  1  2  3  4  5  6  7  8 |
---------------+-------------------------+-----
Conjurations   | 2 3 4 5 |  5.9
Fighting       | 1 2 3 4 |  4.3
Air Magic      | 5 6 7 9 |  9.5
Spellcasting   | 3 4 5 6 |  6.3
Dodging        | |  2.1
Stealth        | |  2.0

Action                   |  1- 3 |  4- 6 |  7- 9 || total
-------------------------+-------+-------+-------++-------
Melee: Short sword       |    13 |       |       ||    13
       Unarmed           |     3 |       |       ||     3
       Peck              |     3 |       |       ||     3
       Kick              |     3 |     1 |       ||     4
       Whip              |     4 |     7 |       ||    11
 Cast: Shock             |    86 |   146 |    65 ||   297
       Airstrike         |       |       |    49 ||    49
  Use: Scroll            |       |       |    11 ||    11
Armor: Steam dragon scal |    16 |    11 |    14 ||    41
Dodge: Dodged            |    32 |    34 |    31 ||    97

Table legend: (Time is in decaauts)
 A = Elapsed time spent in this place.
 B = Non-inter-level travel time spent in this place.
 C = Inter-level travel time spent in this place.
 D = Time resting spent in this place.
 E = Time spent auto-exploring this place.
 F = Levels seen in this place.
 G = Mean time per level.
                   A        B        C        D        E       F      G
               +--------+--------+--------+--------+--------+-----+--------+
         Total |   8097 |   7842 |    255 |    520 |   6402 |   7 | 1156.7 |
       Dungeon |   7990 |   7749 |    241 |    520 |   6323 |   6 | 1331.7 |
        Temple |    107 |     94 |     13 |      0 |     79 |   1 |  107.0 |
               +--------+--------+--------+--------+--------+-----+--------+

Top non-repeatable levels by time:
     D:5: 2132 daAuts
     D:3: 1470 daAuts
     D:4: 1188 daAuts
     D:1: 1174 daAuts
     D:2: 1151 daAuts
     D:6: 873 daAuts
  Temple: 107 daAuts
